 Dungeon Crawl Stone Soup version 0.31-a0-229-g1fc7ce93e2 (webtiles) character file.

Game seed: 17531197034914294584

55 qw the Shooter (level 3, -1/21 HPs)
             Began as a Gargoyle Hexslinger on July 6, 2023.
             Slain by a hobgoblin (3 damage)
             ... led by Robin
             ... on level 2 of the Dungeon.
             The game lasted 00:00:27 (953 turns).

qw the Shooter (Gargoyle Hexslinger)                 Turns: 953, Time: 00:00:27

Health: -1/21      AC:  8    Str: 11    XL:     3   Next: 93%
Magic:  4/4        EV: 10    Int: 13    God:
Gold:   96         SH:  0    Dex: 14    Spells: 3/4 levels left

rFire   . . .        Y - +1 sling
rCold   . . .        (no shield)
rNeg    + . .        h - +0 ring mail
rPois   inf          (no helmet)
rElec   +            (no cloak)
rCorr   .            (no gloves)
SInv    .            (no boots)
Will    .....        (no amulet)
Stlth   +            (no ring)
HPRegen 0.23/turn    (no ring)
MPRegen 0.09/turn

%: no passive effects
@: no status effects
A: sickness immunity, AC +3, negative energy resistance 1, electricity
resistance, torment resistance 1, petrification resistance
a: no special abilities


You were on level 2 of the Dungeon.
You visited 1 branch of the dungeon, and saw 2 of its levels.

You collected 96 gold pieces.


Innate Abilities, Weirdness & Mutations

You are immune to sickness and miasma.
Your stone body is resilient. (AC +3)
You are immune to poison.
You resist negative energy. (rN+)
You are resistant to electric shocks. (rElec)
You are resistant to unholy torment.
You are immune to petrification.


   Skills:
 - Level 2.0 Fighting
 + Level 3.8 Ranged Weapons
 - Level 1.5 Dodging
 - Level 1.0 Spellcasting
 - Level 2.6 Hexes


You had 3 spell levels left.
You knew the following spells:

 Your Spells              Type           Power      Damage    Failure   Level
a - Slow                  Hex            28%        N/A       22%         1

Your spell library contained the following spells:

 Spells                   Type           Power      Damage    Failure   Level
 Inner Flame              Hex/Fire       4%         N/A       75%         3
 Portal Projectile        Hex/Tloc       8%         N/A       75%         3
 Cause Fear               Hex            3%         N/A       92%         4

Inventory:

Hand Weapons
 Y - a +1 sling (weapon)
Armour
 a - a scarf of resistance
 b - a +0 pair of gloves
 h - a +0 ring mail (worn)
Scrolls
 f - a scroll of identify
Potions
 c - a potion of curing {unknown}
 e - a potion of cancellation

Dungeon Overview and Level Annotations

Branches:
Dungeon (2/15)

Altars:

Annotations:
D:2 Robin


Message History

A goblin comes into view. It is wielding a +0 club.
A goblin comes into view. It is wielding a +0 dagger.
A goblin comes into view. It is wielding a +0 club. x2
You shoot a sling bullet.
The sling bullet barely misses the hobgoblin.
The sling bullet closely misses the hobgoblin.
The goblin shouts!
Robin of the Strong Arm comes into view.
They are wielding a +0 falchion.
You shoot a sling bullet.
The sling bullet closely misses the hobgoblin.
You shoot a sling bullet.
The sling bullet closely misses the hobgoblin.
A hobgoblin comes into view.
Robin roars a battlecry!
The goblins go into a battle-frenzy!
The goblin hits you but does no damage. The hobgoblin hits you.
Robin's horned helmet rattles.
The hobgoblin closely misses you. The goblin barely misses you.
The hobgoblin completely misses you. The hobgoblin barely misses you.
The hobgoblin moves out of view.
You shoot a sling bullet. The sling bullet hits the hobgoblin!
You kill the hobgoblin!
The hobgoblin hits you. The hobgoblin barely misses you.
The goblin hits you but does no damage.
You shoot a sling bullet.
The sling bullet barely misses the hobgoblin.
The goblin barely misses you.
A goblin comes into view. It is wielding a +0 club.
The hobgoblin hits you. The goblin barely misses you. The hobgoblin hits you.
You shoot a sling bullet.
The sling bullet hits the hobgoblin but does no damage.
The goblin hits you but does no damage. The hobgoblin hits you.
The goblin hits you but does no damage. The hobgoblin hits you.
Robin throws the goblin at you!
The goblin hits you but does no damage. x3
The hobgoblin closely misses you. The hobgoblin misses you.
The goblin closely misses you.
You shoot a sling bullet.
The sling bullet hits the goblin but does no damage.
The goblin hits you with a +0 club. The hobgoblin hits you.
You die...

#.###.........#
#(........ #.#
#.........#
#####.....
#.###.........#
#.....
#.........#..##
#.....
###########..#
#..... #..#
#..... #..#
#..... #.g#
#..... #@g#
#gggl.....
+gggg.....
#.gg......
#.g.......
#.........
#$........
#...?.....


You could see Robin, 3 hobgoblins, 8 goblins and a frilled lizard.

Vanquished Creatures
  2 adders (D:2)
  2 ball pythons (D:1)
  A bat (D:1)
  3 endoplasms
  3 giant cockroaches (D:1)
  3 goblins
  3 hobgoblins
  6 jackals (D:1)
  4 kobolds (D:1)
  2 quokkas (D:1)
  A frilled lizard (D:1)
  A rat (D:1)
31 creatures vanquished.

Notes
Turn   | Place    | Note
-------+----------+-------------------------------------------
     0 | D:1      | qw the Gargoyle Hexslinger began the quest for the Orb.
     0 | D:1      | Reached XP level 1. HP: 12/12 MP: 2/2
     0 | D:1      | 0 ||| qw: Version: 0.3-a-46-gb1f654a
     0 | D:1      | 0 ||| qw: Game counter: 1092
     0 | D:1      | 0 ||| qw: Melee chars always use a shield: true
     0 | D:1      | 0 ||| qw: God list: Okawaru
     0 | D:1      | 0 ||| qw: Allow faded altars: false
     0 | D:1      | 0 ||| qw: Do Orc after clearing Dungeon:15 true
     0 | D:1      | 0 ||| qw: Do second Lair branch before Depths: true
     0 | D:1      | 0 ||| qw: Lair rune preference: random
     0 | D:1      | 0 ||| qw: Goals: Normal
     0 | D:1      | 0 ||| PLANNING D:1-11
   175 | D:1      | Reached XP level 2. HP: 16/16 MP: 3/3
   187 | D:1      | Reached skill level 3 in Ranged Weapons
   429 | D:1      | Reached XP level 3. HP: 19/21 MP: 4/4
   562 | D:1      | Found a faded altar of an unknown god.
   683 | D:1      | 683 ||| UPGRADING to +0 ring mail.
   693 | D:1      | 693 ||| DROPPING +0 robe.
   694 | D:1      | 694 ||| READING scroll labelled EPEQIO WYDAERO.
   698 | D:1      | 698 ||| READING 2 scrolls labelled LUOGUDISUR.
   699 | D:1      | 699 ||| DRINKING 2 fuming clear potions.
   700 | D:1      | 700 ||| DROPPING scroll of poison.
   701 | D:1      | 701 ||| DROPPING scroll of immolation.
   947 | D:2      | Noticed Robin
   952 | D:2      | HP: 5/21 [hobgoblin[Robin] (2)]
   953 | D:2      | HP: 2/21 [goblin/+0 club[Robin] (3)]
   953 | D:2      | Slain by a hobgoblin

Levels and vault maps discovered:
D:1:      dpeg_arrival_houses_and_road, layout_loops_ring,
          hellmonk_ecumenical_altar_blasted, nicolae_kite_square_tiling_tiny,
          chequers_serial_rivers_small_a
D:2:      layout_basic, uniq_natasha, uniq_robin, uniq_terence

Skill      XL: |  1  2 |
---------------+-------+-----
Ranged Weapons | 3 |  3.8
Fighting       | 2 |  2.0
Dodging        | |  1.5
Spellcasting   | |  1.0
Hexes          | |  2.6

Action                     || total
---------------------------++-------
   Fire: Sling             ||   129
    Use: Scroll            ||     2
         Potion            ||     1
 Armour: Robe              ||    24
         Ring mail         ||    28
  Dodge: Dodged            ||    84

Table legend:
 A = Non-vault XP
 B = Vault XP
 C = Vault XP percentage of total XP
 D = Non-vault monster count
 E = Vault monster count
 F = Vault count percentage of total count
                 A         B        C        D         E       F
            +---------+---------+-------+---------+---------+-------
      Total |      77 |       2 |   2.5 |      30 |       1 |   3.2
            +---------+---------+-------+---------+---------+-------
        D:1 |      44 |       0 |   0.0 |      25 |       0 |   0.0
        D:2 |      33 |       2 |   5.7 |       5 |       1 |  16.7
            +---------+---------+-------+---------+---------+-------
